Zazza, lawful female dwarven Valkyrie # ---.-- --------- -------- ----------- |....| #-...`...| |.......# #..*[)=%"/%!| |.....########|........# |......|# # +!?/(=%=%| |....| #-<......|# |......|# # ---------- |.....########|.......|# ------.-# #@# ----|- #-.-------# ## # # # ### ########### #######``######### # # # ###########%##`## ####### ### ----.----# # # # ### ----|--- # ####.........# ### # # # |......| # ###|.......| # ### ###|....{.| ### #.......>| ---|--------# #.......| # |.......| |..........-# |......|##########-.......| |..........|# |......| --------- |..........|# -------- |...........# |.........{| ---|-------- # Zazza the Skirmisher Experience level: 4 Strength: 18/01 Dexterity: 12 Constitution: 17 Intelligence: 9 Wisdom: 9 Charisma: 9 Health: 0(49) Energy: 5(5) Def: 4 Gold: 0 Moves: 2842 Dungeon seed: uPaUWBTVpf8uaMgv Game ID: Zazza_1525954579 Your Inventory: Weapons a - a +2 long sword (weapon in hand) b - a +0 dagger g - 12 +0 darts k - a blessed +0 orcish dagger m - 2 +0 arrows n - a +0 orcish dagger x - a +0 dagger y - a +0 partisan Armor e - an uncursed +3 small shield (being worn) r - an uncursed +0 orcish helm Comestibles A - 4 uncursed food rations Scrolls B - an uncursed scroll of create monster Potions f - a cursed potion of invisibility Wands d - a wand of polymorph (0:8) Tools h - an uncursed bugle z - a tinning kit (0:49) Gems q - 2 uncursed worthless pieces of red glass Spells and supernatural/magical abilities: Name Level Category Fail Memory W - pray for help -- divine ? -- Your skills at the end: Fighting Skills Weapon Skills dagger [Basic] long sword [Basic] Spellcasting Skills Final Attributes: You were piously aligned. You were cold resistant. You had infravision. You were stealthy. You are dead. Vanquished creatures: a kobold lord 2 giant bats a wererat an acid blob a hobbit a brown mold a green mold a gnome zombie 6 geckos 3 jackals a kobold 3 goblins 6 sewer rats 14 grid bugs 3 lichens a kobold zombie 7 newts 53 creatures vanquished. Voluntary challenges: You had been an atheist until turn 2093. You used a wielded weapon 41 times, starting on turn 48. You read items or engraved 1 time, starting on turn 1687. You never genocided any monsters. You never polymorphed an object. You never changed form. You used no wishes. You never split a pudding. You never wrote Elbereth's name. You never violated your personal moral code. Dungeon overview: The Dungeons of Doom: levels 1 to 3 Level 1 a long staircase Level 2 a general store Level 3 <- You were here a general store, some fountains History has recorded: On T:1 you entered the Dungeons of Doom to retrieve the Amulet of Yendor! On T:541 you reached level 2 of The Dungeons of Doom. On T:1094 you advanced to experience level 2. On T:1672 you advanced to experience level 3. On T:2327 you advanced to experience level 4. On T:2494 you reached level 3 of The Dungeons of Doom. Score breakdown: Gold: 0 ( 0 points) Experience: 4 levels ( 9649 points) Exploration: 3 levels ( 6.00%) ( 6060 points) Discoveries: 2 items ( 0.81%) ( 2705 points) Valuables value: (no points given unless you survive) Artifact value: 0 ( 0 points) Variety of kills: 17 monsters ( 4.46%) ( 6336 points) Turncount: 2842 turns ( -520 points) Survival: died (score multiplied by 80%) Total score: 19384 Latest messages: Something is written here in the dust. You read: "Closed for inventory". This door is locked. That door is closed. (2x) WHAMMM!!! That door is closed. As you kick the door, it crashes open! "How dare you break my door?" Adjama zaps a pine wand! The wand misses you. Adjama zaps a wand of striking! The wand hits you! You displace Mary. Adjama zaps a wand of striking! The wand hits you! Adjama zaps a wand of striking! The wand hits you! Adjama hits! (2x) You die... Adjama takes all your possessions. Final status: Farvel Zazza the Valkyrie, killed by a Mr. Adjama, the shopkeeper... You died in The Dungeons of Doom on dungeon level 3 with 19384 points, and 0 pieces of gold, after 2842 moves. You were level 4 with a maximum of 49 hit points when you died.